Map: Automaton LE

Players

HolyHit

  • Race: Protoss Protoss
  • Spawn Location: 9:00

Clem - Winner!

  • Race: Terran Terran
  • Spawn Location: 3:00

Event: 2019 WCS Spring

VOD

Have the link to the VOD?

Description

Time

  • Played on: May 17, 2019, 10:30 a.m.
  • Length: 9:16

All games in this series

Show
View Real Time Build Order
Export as new Build Order

HolyHit Protoss 

Build Orders: 1 Gate Expand 

Get SALT Encoding   

  12  0:00  Probe  
  13  0:13  Probe  
  14  0:18  Pylon  
  14  0:24  Probe  
  15  0:32  Probe  
  15  0:38  Gateway  
  15  0:40  Probe  
  16  0:46  Assimilator  
  17  0:51  Probe  
  18  1:03  Probe  
  19  1:15  Probe  
  20  1:27  Nexus  
  20  1:36  Cybernetics Core  
  20  1:39  Probe  
  21  1:44  Assimilator  
  21  1:53  Probe, Pylon  
  21  2:01  Probe  
  21  2:02  Adept  
  22  2:09  Probe  
  25  2:18  Warp Gate  
  25  2:20  Probe  
  26  2:25  Robotics Facility  
  26  2:33  Probe  
  27  2:39  Stalker  
  27  2:43  Probe  
  30  2:45  Probe  
  31  2:55  Probe  
  31  2:57  Probe  
  33  3:03  Probe  
  33  3:08  Probe  
  33  3:11  Probe  
  33  3:12  Observer  
  36  3:17  Probe  
  36  3:18  Robotics Bay  
  37  3:22  Probe  
  37  3:25  Probe, Pylon  
  40  3:34  Probe  
  40  3:35  Warp Prism  
  40  3:36  Probe  
  44  3:47  Gateway  
  42  3:51  Gateway  
  42  3:53  Pylon  
  42  3:57  Probe x2  
  44  4:03  Disruptor  
  44  4:06  Stalker, Gravitic Drive  
  49  4:17  Probe  
  49  4:19  Probe  
  51  4:24  Pylon  
  51  4:27  Assimilator  
  51  4:29  Probe  
  51  4:30  Disruptor  
  52  4:31  Assimilator  
  52  4:44  Nexus  
  55  4:46  Probe x2  
  56  5:00  Twilight Council  
  56  5:02  Probe x2, Forge, Disruptor  
  60  5:14  Stalker  
  60  5:15  Probe  
  60  5:18  Probe  
  64  5:24  Pylon  
  64  5:27  Probe  
  61  5:28  Blink  
  60  5:39  Stalker  
  60  5:42  Probe x2  
  64  5:53  Stalker, Protoss Ground Weapons Level 1  
  64  5:55  Stalker  
  68  5:57  Probe  
  68  5:59  Probe  
  70  6:05  Probe  
  70  6:06  Probe  
  72  6:11  Probe  
  79  6:20  Observer  
  79  6:22  Stalker x2  
  81  6:31  Probe  
  75  6:33  Probe  
  75  6:34  Probe  
  75  6:39  Stalker  
  75  6:43  Probe  
  75  6:45  Probe  
  72  6:55  Probe  
  72  6:58  Colossus  
  73  7:01  Photon Cannon  
  73  7:03  Probe  
  79  7:09  Probe  
  79  7:13  Probe  
  80  7:17  Probe  
  82  7:24  Probe x2  
  82  7:28  Stalker  
  82  7:29  Stalker, Probe  
  88  7:45  Pylon  
  88  7:58  Probe x2  
  90  8:03  Probe, Pylon  
  91  8:09  Photon Cannon  
  91  8:10  Probe  
  87  8:13  Stalker x3  
  90  8:20  Probe  
  90  8:22  Assimilator  
  90  8:27  Assimilator  
  87  8:38  Stalker  
  77  8:52  Stalker  
  77  8:53  Stalker  
  77  8:55  Probe  
  75  8:56  Probe  
  75  9:01  Probe  
  81  9:03  Zealot  
  81  9:08  Gateway  
  81  9:09  Gateway  
  84  9:10  Gateway  
Show
View Real Time Build Order
Export as new Build Order

Clem Terran - Winner!

Build Orders: Banshee Rush 

Get SALT Encoding   

  12  0:01  SCV  
  13  0:13  SCV  
  14  0:18  Supply Depot  
  14  0:25  SCV  
  15  0:29  Refinery  
  15  0:39  SCV  
  16  0:45  Barracks  
  16  0:51  SCV  
  17  1:03  SCV  
  18  1:16  SCV  
  20  1:33  Reaper, Orbital Command  
  20  1:49  Command Center  
  20  1:59  SCV  
  21  2:04  Factory  
  21  2:08  Barracks Reactor  
  21  2:12  SCV  
  22  2:16  Supply Depot  
  22  2:24  SCV  
  22  2:29  Refinery  
  23  2:37  SCV  
  24  2:49  SCV, Starport  
  25  2:53  Hellion  
  25  2:54  Hellion  
  29  3:01  SCV  
  29  3:04  Barracks Tech Lab  
  29  3:07  Orbital Command  
  29  3:15  Hellion  
  29  3:18  Hellion  
  33  3:21  SCV  
  34  3:31  Supply Depot  
  34  3:32  SCV  
  34  3:34  SCV, Cloaking Field  
  36  3:44  Banshee  
  36  3:46  Marine  
  36  3:48  Marine  
  41  3:49  Factory Tech Lab  
  41  3:50  SCV  
  41  3:51  SCV  
  43  3:59  Supply Depot  
  43  4:04  SCV x2, Marine  
  43  4:06  Marine  
  47  4:10  Siege Tank  
  47  4:16  SCV x2  
  52  4:24  Supply Depot  
  52  4:27  Banshee, Marine x2  
  52  4:28  SCV x2  
  57  4:36  Supply Depot  
  57  4:40  SCV x2  
  57  4:44  Siege Tank  
  57  4:45  Marine x2  
  62  4:50  Barracks  
  62  4:52  Barracks  
  64  4:56  SCV  
  65  5:02  Engineering Bay, Refinery  
  65  5:03  Marine x2  
  65  5:04  SCV  
  68  5:10  SCV, Supply Depot  
  69  5:14  Banshee  
  69  5:21  SCV, Marine  
  72  5:22  SCV  
  72  5:24  Siege Tank  
  78  5:30  Supply Depot  
  78  5:31  Marine  
  72  5:36  SCV  
  72  5:41  SCV  
  74  5:46  Marine  
  75  5:50  Command Center  
  75  5:52  Terran Infantry Weapons Level 1  
  75  5:55  SCV x2  
  77  6:00  Marine  
  78  6:05  Factory Reactor  
  78  6:06  Starport Reactor  
  78  6:07  SCV  
  78  6:09  Refinery  
  79  6:11  Marauder, Stimpack  
  79  6:16  Marauder  
  79  6:17  SCV  
  84  6:20  SCV, Combat Shield  
  84  6:24  Marine x2  
  76  6:29  SCV  
  76  6:32  SCV  
  76  6:33  Marauder  
  78  6:41  SCV  
  78  6:42  Barracks  
  78  6:43  Barracks, Marine x2  
  81  6:49  Marauder  
  81  6:50  SCV  
  81  6:53  SCV  
  78  6:54  Marauder  
  78  6:56  Widow Mine x2  
  78  6:59  Supply Depot  
  84  7:02  Orbital Command  
  84  7:05  Marine  
  84  7:06  Marine  
  86  7:10  SCV x2  
  86  7:15  Marauder  
  90  7:17  Medivac x2  
  90  7:22  Widow Mine x2  
  98  7:26  Supply Depot  
  98  7:28  Marine x2  
  98  7:29  Marauder, Orbital Command  
  102  7:31  Barracks Tech Lab  
  102  7:36  SCV  
  102  7:37  SCV  
  104  7:39  Marauder, Barracks Reactor  
  106  7:49  Widow Mine x2  
  110  7:52  SCV x2  
  110  7:56  Marine x2  
  115  7:58  Marauder x2  
  115  8:01  Marauder, Medivac  
  119  8:06  Concussive Shells  
  119  8:10  SCV x2  
  121  8:13  Marine x2  
  121  8:14  SCV  
  124  8:23  Marine  
  125  8:28  Supply Depot  
  125  8:30  Marine  
  125  8:31  Marauder x3, Marine  
  133  8:37  Supply Depot, Marine  
  133  8:39  Medivac  
  133  8:40  Marine  
  134  8:43  Widow Mine x2  
  134  8:47  SCV  
  131  8:48  SCV x2  
  131  8:49  Marine  
  131  8:52  Marauder x2  
  136  8:56  Marine x2  
  142  9:03  SCV x2, Supply Depot  
Tags
 
Add a new tag
Caveats
  • Supply blocks, unpowered buildings, or Contaminate may cause inaccurate times.
  • Supply counts are checked every 10 seconds.